 Dungeon Sprint DCSS version 0.31-a0-844-gdc52ec4e09 (webtiles) character file.

Game seed: 4477872406122359971

5684 sircluck the Grappler (level 10, -42/175 HPs)
             Began as a Troll Berserker on Sept 29, 2023.
             Was the Champion of Trog.
             Killed from afar by an orb of fire (69 damage)
             ... with a bolt of fire
             ... in the Dungeon (Sprint VII: "The Pits").
             The game lasted 00:04:07 (905 turns).

sircluck the Grappler (Troll Berserker)              Turns: 905, Time: 00:04:08

Health: -42/175    AC:  7    Str: 34    XL:     10   Next: 47%
Magic:  9/9        EV: 13    Int:  3    God:    Trog [******]
Gold:   0          SH:  0    Dex:  9    Spells: 9/9 levels left

rFire   . .          .
                       - Unarmed
rCold   . . .        (no shield)
rNeg    . . .        r - +2 robe
rPois   .            (helmet restricted)
rElec   .            k - +0 cloak
rCorr   .            (gloves unavailable)
SInv    .            (boots unavailable)
Will    .....        (no amulet) Stlth
                     m - +3 ring of strength
HPRegen 1.29/turn    (no ring)
MPRegen 0.11/turn

%: no teleportation
@: berserking, very quick
A: large, unfitting armour, claws 3, regeneration 1, shaggy fur 1, tough skin 1
a: Renounce Religion, Berserk, Trog's Hand, Brothers in Arms


You were in the Dungeon.
You worshipped Trog.
Trog was exalted by your worship.
You visited 1 branch

Inventory:

Missiles
 q - 8 poisoned darts
Armour
 a - a +0 animal skin
 k - a +0 cloak (worn)
 r - a +2 robe (worn)
Jewellery
 l - a +3 ring of intelligence
 m - a +3 ring of strength (left claw)
Scrolls
 g - a scroll of blinking
 i - 2 scrolls of vulnerability
 j - a scroll of butterflies
Potions
 b - 6 potions of curing
 c - 8 potions of heal wounds
 d - 2 potions of haste
 e - 4 potions of magic
 f - 4 potions of berserk rage
 h - 2 potions of invisibility
 n - a potion of mutation
 o - 2 potions of resistance
 p - a potion of might


   Skills:
 + Level 12.4 Fighting
 + Level 4.8 Armour
 + Level 12.3 Dodging
 + Level 14.4 Unarmed Combat


You had 9 spell levels left.
You didn't know any spells.
Your spell library was empty.

Dungeon Overview and Level Annotations

Branches:
Dungeon (1/1)

Altars:
Ashenzari
Cheibriados
Dithmenos
Elyvilon
Fedhas
Gozag
Hepliaklqana
Kikubaaqudgha
Makhleb
Nemelex Xobeh
Okawaru
Qazlal
Ru
Sif Muna
Trog
Uskayaw
Vehumet
Wu Jian
Xom
Yredelemnul
Zin
The Shining One
Jiyva
Lugonu


Innate Abilities, Weirdness & Mutations

You are too large for most types of armour.
You have claws for hands.
Your natural rate of healing is unusually fast.
You are covered in fur. (AC +1)
You have tough skin. (AC +1)


Message History

A red film seems to cover your vision as you go berserk!
You feel yourself moving faster!
You feel mighty!
Your troll misses the orb of fire. x2; Your troll claws the orb of fire!
Your troll bites the orb of fire.
Your troll claws the orb of fire.
Your troll misses the orb of fire. You closely miss the orb of fire.
Your claw misses the orb of fire.
The orb of fire is lightly damaged.
The orb of fire glows deep purple.
The fireball explodes!
The fireball engulfs you!!! The fireball engulfs your troll!!!!
Your troll dies!
Your troll's corpse disappears in a puff of smoke!
The fireball engulfs the orb of fire.
The orb of fire completely resists.
You completely miss the orb of fire.
The orb of fire is lightly damaged.
You miss the orb of fire.
The orb of fire is lightly damaged.
You claw the orb of fire!
The orb of fire is lightly damaged.
You claw the orb of fire!
The orb of fire is lightly damaged.
You closely miss the orb of fire.
The orb of fire is lightly damaged.
You closely miss the orb of fire. Your claw misses the orb of fire.
The orb of fire is lightly damaged.
You claw the orb of fire!
The orb of fire is moderately damaged.
You mangle the orb of fire!!
The orb of fire is moderately damaged.
You mangle the orb of fire!!
The orb of fire is severely damaged.
The orb of fire glows bright magenta.
The fireball explodes!
The fireball engulfs you!!!
* * * LOW HITPOINT WARNING * * *
The fireball engulfs the orb of fire.
The orb of fire completely resists.
You mangle the orb of fire!!
The orb of fire is severely damaged.
The orb of fire emits a lurid red light.
The bolt of fire hits you!!!
You die...

#+# #.# #'#
################*#
................@#
.............))..#
+##############..#
#..# #..# #..#
#..# #..# #..#


You could see an orb of fire.

Vanquished Creatures
  A frost giant (D)
  A dancing weapon (D)
  A flayed ghost (D)
  An orc sorcerer (D)
  A smoke demon (D)
  A gargoyle (D)
  A kobold demonologist (D)
  A flying skull (D)
  A spriggan (D)
  A golden eye (shapeshifter) (D)
  An acid dragon (D)
  A black bear (D)
  An ice beast (D)
  3 floating eyes (D)
  A swamp drake (D)
  6 wolves (D)
  3 phantoms (D)
  2 kobold brigands (D)
  A gnoll sergeant (D)
  A scorpion (D)
  Crazy Yiuf (D)
  A jelly (D)
  An adder (D)
  A gnoll (D)
  3 ufetubi (D)
  An endoplasm (D)
  2 giant cockroaches (D)
  5 kobolds (D)
  A quokka (D)
  A bat (D)
  A jackal simulacrum (D)
  A rat (D)
49 creatures vanquished.

Vanquished Creatures (collateral kills)
  A smoke demon (D)
1 creature vanquished.

Grand Total: 50 creatures vanquished

Notes
Turn   | Place    | Note
-------+----------+-------------------------------------------
     0 | D        | sircluck the Troll Berserker began the quest for the Orb.
     0 | D        | Reached XP level 1. HP: 22/22 MP: 0/0
    11 | D        | Noticed a wolf
    11 | D        | Noticed a wolf
    11 | D        | Noticed a wolf
    11 | D        | Noticed a wolf
    11 | D        | Noticed an acid dragon
    11 | D        | Noticed a wolf
    33 | D        | Found a bloodstained altar of Trog.
    33 | D        | Found a shimmering blue altar of Sif Muna.
    33 | D        | Found a viscous altar of Jiyva.
    33 | D        | Found a hazy altar of Hepliaklqana.
    33 | D        | Found an opulent altar of Gozag.
    34 | D        | Found a glowing golden altar of the Shining One.
    34 | D        | Found a glowing silver altar of Zin.
    34 | D        | Found a basalt altar of Yredelemnul.
    34 | D        | Found a shimmering altar of Xom.
    34 | D        | Found an ornate altar of the Wu Jian Council.
    34 | D        | Found a sacrificial altar of Ru.
    34 | D        | Found a stormy altar of Qazlal.
    34 | D        | Found an iron altar of Okawaru.
    34 | D        | Found a sparkling altar of Nemelex Xobeh.
    34 | D        | Found a burning altar of Makhleb.
    34 | D        | Found a blossoming altar of Fedhas.
    34 | D        | Found a white marble altar of Elyvilon.
    34 | D        | Found a shadowy altar of Dithmenos.
    34 | D        | Found a snail-covered altar of Cheibriados.
    37 | D        | Found a corrupted altar of Lugonu.
    37 | D        | Found a radiant altar of Vehumet.
    38 | D        | Found an ancient bone altar of Kikubaaqudgha.
    38 | D        | Found a hide-covered altar of Uskayaw.
    38 | D        | Found a broken altar of Ashenzari.
    75 | D        | Reached ** piety under Trog
    76 | D        | Reached skill level 4 in Unarmed Combat
    76 | D        | Reached XP level 2. HP: 31/31 MP: 1/1
    96 | D        | Noticed a floating eye
    98 | D        | Paralysed by a floating eye for 2 turns
   101 | D        | Killed a floating eye
   102 | D        | Reached skill level 5 in Fighting
   102 | D        | Reached skill level 5 in Dodging
   102 | D        | Reached skill level 6 in Unarmed Combat
   102 | D        | Reached XP level 3. HP: 27/42 MP: 2/2
   102 | D        | Reached XP level 4. HP: 33/50 MP: 3/3
   106 | D        | Reached *** piety under Trog
   173 | D        | Noticed a scorpion
   174 | D        | Noticed a black bear
   187 | D        | Killed a black bear
   187 | D        | Reached **** piety under Trog
   188 | D        | Reached skill level 7 in Unarmed Combat
   188 | D        | Reached XP level 5. HP: 44/59 MP: 4/4
   189 | D        | Reached XP level 6. HP: 52/68 MP: 5/5
   191 | D        | Reached skill level 8 in Unarmed Combat
   220 | D        | Noticed a flying skull
   233 | D        | Killed a flying skull
   233 | D        | Reached ***** piety under Trog
   234 | D        | Reached skill level 9 in Unarmed Combat
   234 | D        | Reached XP level 7. HP: 40/79 MP: 6/6
   278 | D        | Noticed a smoke demon
   283 | D        | Killed a smoke demon
   284 | D        | Reached skill level 10 in Unarmed Combat
   304 | D        | Noticed Crazy Yiuf
   309 | D        | Killed Crazy Yiuf
   314 | D        | Reached XP level 8. HP: 43/92 MP: 7/7
   327 | D        | Received a gift from Trog
   402 | D        | Noticed a flayed ghost
   414 | D        | Killed a flayed ghost
   415 | D        | Reached skill level 11 in Unarmed Combat
   420 | D        | Reached skill level 10 in Fighting
   423 | D        | Reached skill level 10 in Dodging
   545 | D        | Reached skill level 12 in Unarmed Combat
   546 | D        | Reached ****** piety under Trog
   547 | D        | Reached XP level 9. HP: 81/102 MP: 8/8
   547 | D        | Received a gift from Trog
   625 | D        | Noticed an orc sorcerer
   634 | D        | Killed an orc sorcerer
   635 | D        | Reached skill level 13 in Unarmed Combat
   639 | D        | Received a gift from Trog
   657 | D        | Noticed a kobold demonologist
   669 | D        | Killed a kobold demonologist
   707 | D        | Noticed a gargoyle
   714 | D        | Killed a gargoyle
   715 | D        | Reached skill level 1 in Armour
   725 | D        | Received a gift from Trog
   764 | D        | Noticed a frost giant
   778 | D        | Killed a frost giant
   779 | D        | Reached skill level 14 in Unarmed Combat
   779 | D        | Reached XP level 10. HP: 115/115 MP: 9/9
   875 | D        | Received a gift from Trog
   879 | D        | Noticed a +2 flail of holy wrath
   879 | D        | Noticed a smoke demon
   885 | D        | Killed a +2 flail of holy wrath
   888 | D        | Killed a smoke demon
   893 | D        | Noticed an orb of fire
   905 | D        | Killed from afar by an orb of fire

Illustrated notes

Levels and vault maps discovered:
D:        pitsprint [storerooms_1, entrance_room_1, metal_vault_4, armoury_3,
          mini_pit_1, grid_room_1, main_hall_1, silver_pit, the_coven_1,
          the_vestibule_1, steel_vault_4, golden_pit, hallway_of_sentries,
          crystal_vault_1, iron_vault_1, final_vault]

Skill      XL: |  1  2  3  4  5  6  7  8  9 10 |
---------------+-------------------------------+-----
Fighting       | 3 5 6 7 9 10 12 | 12.4
Dodging        | 3 5 6 7 8 10 11 12 | 12.3
Unarmed Combat | 4 6 7 9 10 12 14 | 14.4
Armour         | 3 4 |  4.8

Action                     |  1- 3 |  4- 6 |  7- 9 | 10-12 || total
---------------------------+-------+-------+-------+-------++-------
  Melee: Unarmed           |    14 |    35 |   103 |    25 ||   177
         Punch             |       |     2 |     3 |       ||     5
 Invoke: Berserk           |       |       |     2 |     1 ||     3
         Brothers in Arms  |       |       |       |     1 ||     1
 Armour: Animal skin       |    20 |    26 |    69 |       ||   115
         Robe              |       |       |    10 |     5 ||    15
  Dodge: Dodged            |    15 |    29 |    66 |     3 ||   113

Table legend: (Time is in decaauts)
 A = Elapsed time spent in this place.
 B = Non-inter-level travel time spent in this place.
 C = Inter-level travel time spent in this place.
 D = Time resting spent in this place.
 E = Time spent auto-exploring this place.
 F = Levels seen in this place.
 G = Mean time per level.
                   A        B        C        D        E       F      G
               +--------+--------+--------+--------+--------+-----+--------+
         Total |    891 |    847 |     44 |    218 |    142 |   1 |  891.0 |
       Dungeon |    891 |    847 |     44 |    218 |    142 |   1 |  891.0 |
               +--------+--------+--------+--------+--------+-----+--------+

Top non-repeatable levels by time:
       D: 891 daAuts
